 Dungeon Crawl Stone Soup version 0.32-a0-656-g3542139ebd (webtiles) character file.

Game seed: 12471993870296496288

792 kae the Carver (level 7, 0/50 HPs)
             Began as a Coglin Gladiator on Mar 8, 2024.
             Succumbed to a scorpion's poison
             ... on level 5 of the Dungeon.
             The game lasted 00:03:47 (4301 turns).

kae the Carver (Coglin Gladiator)                   Turns: 4301, Time: 00:03:48

Health: 0/50       AC:  5    Str: 12 (14) XL:     7   Next: 88%
Magic:  7/7        EV: 12    Int:  6 (7)  God:
Gold:   257        SH:  0    Dex: 16 (18) Spells: 6/6 levels left

rFire   . . .        a - +0 long sword {Suchat}
rCold   . . .        f - +0 dagger {Kyogo}
rNeg    . . .        b - +0 leather armour
rPois   .            c - +0 helmet
rElec   .            i - +0 cloak
rCorr   .            (no gloves)
SInv    .            (no boots)
Will    .....        (amulet unavailable)
Stlth   +            (ring unavailable)
HPRegen 0.28/turn    (ring unavailable)
MPRegen 0.10/turn    (no gizmo)

%: no passive effects
@: lethally poisoned (0 -> -11), hasted, revved, very quick
A: off-hand wielding, slow wielding, warmup strikes, no jewellery
a: Invent Gizmo


You were on level 5 of the Dungeon.
You visited 1 branch of the dungeon, and saw 5 of its levels.

You collected 257 gold pieces.


Innate Abilities, Weirdness & Mutations

You can wield a second weapon in your off-hand.
It takes a long time for you to wield or remove held weapons.
Your first few attacks do less damage.
You cannot equip rings or amulets.


   Skills:
 - Level 2.0 Fighting
 + Level 9.1 Long Blades
 - Level 1.7 Throwing
 - Level 2.6 Dodging


You had 6 spell levels left.
You didn't know any spells.
Your spell library contained the following spells:

 Spells                   Type           Power      Damage    Failure   Level
 Vhi's Electric Charge    Tloc/Air       0%         N/A       99%         4
 Arcjolt                  Conj/Air       0%         1d10      100%        5
 Plasma Beam              Fire/Air       0%         2x1d10    100%        6

Inventory:

Hand Weapons
 a - a +0 long sword (weapon) {Suchat}
 f - a +0 dagger (offhand) {Kyogo}
Missiles
 d - 3 throwing nets (quivered) {=f!f}
 e - a javelin
 g - 58 stones
 l - 2 poisoned darts
 q - 5 boomerangs
 s - 2 curare-tipped darts {=f}
Armour
 b - a +0 leather armour (worn)
 c - a +0 helmet (worn)
 i - a +0 cloak (worn)
   (You found it on level 1 of the Dungeon)
Jewellery
 F - a ring of protection from fire
   (You found it on level 1 of the Dungeon)
 G - an amulet of guardian spirit
   (You found it on level 5 of the Dungeon)
 S - a +6 ring of strength
   (You found it on level 3 of the Dungeon)
 T - an amulet of faith {!P}
   (You found it on level 1 of the Dungeon)
Wands
 o - a wand of flame (24)
   (You found it on level 4 of the Dungeon)
Scrolls
 r - a scroll of identify {@r1}
 t - a scroll of teleportation {@r4}
Potions
 h - a potion of haste {@q3}
 j - a potion of ambrosia
 k - a potion of curing {unknown}
 m - a potion of lignification {unknown}
 n - a potion of attraction {unknown}
 p - 2 potions of degeneration {!q}

Dungeon Overview and Level Annotations

Branches:
Dungeon (5/15) Zot: 25695
 Temple: D:4-7

Altars:
Ashenzari
Fedhas
Kikubaaqudgha
Nemelex Xobeh
Qazlal
Ru
Wu Jian
Xom
The Shining One

Annotations:
D:4 1 runed translucent door, Crazy Yiuf

.................####..
####..#....##########.#.#
........................#
......#.##.##########.###
......(.†<....# #.#
........#.###.## #.#
#.........# ... #.#
#.....#...#....#.# #.#
#.......@......... ..#
#....#.#?..$..... #####
#.!#...#.$#....## #.
.....###..#?...# #. .###
#..#....# #. ...# #### #.
##.. #. .. #. # #.


There were no monsters in sight!


Message History

You hit the ogre but do no damage.
The ogre barely misses you. 😮 HP[+1] Unknown command.
You slash the ogre with your +0 long sword!
You hit the ogre with your +0 dagger. You hit the ogre with your +0 dagger.
You kill the ogre!
A ribbon worm comes into view. 😮 HP[+1]
A hound comes into view.
The ribbon worm expels a string of sticky webbing.
The stream of webbing hits you but does no damage.
You are caught in a web!
There is a stone staircase leading up here. 😮 HP[+1]
A ribbon worm is nearby!
You barely miss the ribbon worm with your +0 dagger.
You slash the ribbon worm with your +0 long sword!
You hit the ribbon worm with your +0 dagger.
You hit the ribbon worm with your +0 long sword.
You kill the ribbon worm!
Unknown command.
You see here a ribbon worm corpse. 😮 HP[+1]
A scorpion comes into view.
You see here a ribbon worm corpse.
You start resting.
A dart slug comes into view. 😮 HP[+3]
You regained 3 hp, and now have 33/50 hp.
There is a stone staircase leading up here.
You are too injured to fight recklessly!
You are too injured to fight recklessly!
You are too injured to fight recklessly!
You are too injured to fight recklessly!
You are too injured to fight recklessly!
You are too injured to fight recklessly!
The dart slug misses you. 😮 HP[+1]
You hit the dart slug with your +0 dagger.
You slash the dart slug with your +0 long sword!
You kill the dart slug! 😮 HP[+1]
You hit the scorpion but do no damage. x2
The scorpion stings you but does no damage.
You hit the scorpion but do no damage. x2; The scorpion closely misses you.
Unknown command.
You slash the scorpion with your +0 long sword!
You hit the scorpion but do no damage. The scorpion stings you.
You are poisoned.
The scorpion poisons you! 😮 HP[-4]
You take 4 damage, and now have 31/50 hp.
You hit the scorpion but do no damage. x2; You feel sick.
The scorpion stings you but does no damage. 😮 HP[-2]
You take 2 damage, and now have 29/50 hp.
Unknown command.
You closely miss the scorpion with your +0 dagger.
You hit the scorpion with your +0 long sword.
You feel sick. The scorpion stings you.
* * * LOW HITPOINT WARNING * * *
You are more poisoned.
The scorpion poisons you! 😨 HP[-5]
You take 5 damage, and now have 24/50 hp.
You barely miss the scorpion with your +0 long sword.
You closely miss the scorpion with your +0 dagger.
You feel very sick. The scorpion stings you!
* * * LOW HITPOINT WARNING * * *
You are lethally poisoned!
The scorpion poisons you! 😨 HP[-10]
You take 10 damage, and now have 14/50 hp.
You closely miss the scorpion with your +0 long sword.
You barely miss the scorpion with your +0 dagger.
* * * LOW HITPOINT WARNING * * *
You feel very sick.
The scorpion barely misses you. 😱 HP[-4]
You take 4 damage, and now have 10/50 hp.
Unknown command.
You slash the scorpion with your +0 long sword!
You kill the scorpion!
* * * LOW HITPOINT WARNING * * *
You feel very sick.
Your Long Blades skill increases to level 9! 😱 HP[-4]
You take 4 damage, and now have 6/50 hp.
There is a lethal amount of poison in your body!
It was a potion of degeneration.
There was something very wrong with that liquid.
You feel weakened.
You feel dopey.
You feel clumsy.
* * * LOW HITPOINT WARNING * * *
You feel very sick. 😱 HP[-3]
You take 3 damage, and now have 3/50 hp.
It was a potion of haste.
You feel yourself speed up.
You die...

Skill      XL: |  1  2  3  4  5  6  7 |
---------------+----------------------+-----
Long Blades    | 4 5 6 7 9 |  9.1
Fighting       | |  2.0
Throwing       | |  1.7
Dodging        | |  2.6

Action                     |  1- 3 |  4- 6 |  7- 9 || total
---------------------------+-------+-------+-------++-------
  Melee: Long sword        |    81 |   141 |    35 ||   257
         Dagger            |    72 |   132 |    36 ||   240
    Use: Scroll            |     1 |     4 |     1 ||     6
         Potion            |       |     1 |     2 ||     3
   Stab: Sleeping          |     1 |     2 |     1 ||     4
 Armour: Leather armour    |    47 |    79 |    15 ||   141
  Dodge: Dodged            |    38 |    77 |    19 ||   134

Levels and vault maps discovered:
D:1:      spicycebolla_arrival_xxxplode, layout_loops_ring,
          dreamdust_ecumenical_altar_drowned_temple
D:2:      layout_loops_ring, uniq_terence
D:3:      cheibrodos_greedy_goblins, layout_loops_ring, minitemple,
          mainiacjoe_overflow_paths
D:4:      layout_layer_cave, grunt_decor_junction, uniq_crazy_yiuf_cottage,
          uniq_sigmund
D:5:      layout_basic, serial_rivers, chequers_serial_rivers_room_a,
          chequers_serial_rivers_micro_b, chequers_serial_rivers_marsh,
          chequers_serial_rivers_marsh

Notes
Turn   | Place    | Note
-------+----------+-------------------------------------------
     0 | D:1      | kae the Coglin Gladiator began the quest for the Orb.
     0 | D:1      | Reached XP level 1. HP: 16/16 MP: 1/1
     0 | D:1      | magus.rc [v1.11.3]
    50 | D:1      | Reached XP level 2. HP: 18/22 MP: 2/2
   213 | D:1      | Reached skill level 4 in Long Blades
   333 | D:1      | You pick up a book of Lightning and begin reading...
   333 | D:1      | You add the spells Vhi's Electric Charge, Arcjolt and
                  | Plasma Beam to your library.
   364 | D:1      | Reached XP level 3. HP: 24/27 MP: 3/3
   517 | D:1      | Found a faded altar of an unknown god.
  1034 | D:2      | Noticed Terence
  1247 | D:2      | Reached XP level 4. HP: 16/33 MP: 4/4
  1395 | D:2      | Killed Terence
  1396 | D:2      | Reached skill level 5 in Long Blades
  1803 | D:3      | Found a blossoming altar of Fedhas.
  1828 | D:3      | Found an ornate altar of the Wu Jian Council.
  2026 | D:3      | Found a sparkling altar of Nemelex Xobeh.
  2028 | D:3      | Found an ancient bone altar of Kikubaaqudgha.
  2028 | D:3      | Found a broken altar of Ashenzari.
  2029 | D:3      | Found a stormy altar of Qazlal.
  2029 | D:3      | Found a shimmering altar of Xom.
  2031 | D:3      | Found a glowing golden altar of the Shining One.
  2032 | D:3      | Found a sacrificial altar of Ru.
  2381 | D:4      | Reached XP level 5. HP: 38/38 MP: 5/5
  2500 | D:4      | Reached skill level 6 in Long Blades
  2751 | D:4      | Noticed Sigmund
  2762 | D:4      | Reached XP level 6. HP: 35/44 MP: 6/6
  2768 | D:4      | Killed Sigmund
  2769 | D:4      | Reached skill level 7 in Long Blades
  3462 | D:4      | Reached XP level 7. HP: 41/48 MP: 7/7
  3629 | D:4      | Found a runed translucent door.
  3630 | D:4      | Noticed Crazy Yiuf
  3809 | D:5      | Entered Level 5 of the Dungeon
  3867 | D:5      | Reached skill level 8 in Long Blades
  4298 | D:5      | HP: 10/50 [poisoned by a scorpion]
  4300 | D:5      | Reached skill level 9 in Long Blades
  4300 | D:5      | HP: 3/50 [poisoned by a scorpion]
  4301 | D:5      | Succumbed to a scorpion's poison

Vanquished Creatures
  Sigmund (D:4)
  An ogre (D:5)
  3 scorpions (D:5)
  A jelly (D:5)
  2 bombardier beetles (D:5)
  Terence (D:2)
  3 orc wizards (D:4)
  4 gnolls
  5 adders
  A white imp (D:5)
  3 dart slugs
  3 ribbon worms
  7 orcs (D:4)
  5 ball pythons
  6 endoplasms
  5 giant cockroaches
  16 goblins
  8 hobgoblins
  7 quokkas
  A bat (D:2)
  3 frilled lizards
  7 kobolds
  5 rats (D:1)
  A spectral hobgoblin (D:1)
99 creatures vanquished.

Table legend:
 A = Non-vault XP
 B = Vault XP
 C = Vault XP percentage of total XP
 D = Non-vault monster count
 E = Vault monster count
 F = Vault count percentage of total count
                 A         B        C        D         E       F
            +---------+---------+-------+---------+---------+-------
      Total |     864 |     268 |  23.7 |      87 |      12 |  12.1
            +---------+---------+-------+---------+---------+-------
        D:1 |      43 |       1 |   2.3 |      24 |       1 |   4.0
        D:2 |      44 |      36 |  45.0 |      17 |       1 |   5.6
        D:3 |      50 |      17 |  25.4 |       8 |       9 |  52.9
        D:4 |     218 |     214 |  49.5 |      27 |       1 |   3.6
        D:5 |     509 |       0 |   0.0 |      11 |       0 |   0.0
            +---------+---------+-------+---------+---------+-------

Skill      XL: |  1  2  3  4  5  6  7 |
---------------+----------------------+-----
Long Blades    | 4 5 6 7 9 |  9.1
Fighting       | |  2.0
Throwing       | |  1.7
Dodging        | |  2.6

Action                     |  1- 3 |  4- 6 |  7- 9 || total
---------------------------+-------+-------+-------++-------
  Melee: Long sword        |    81 |   141 |    35 ||   257
         Dagger            |    72 |   132 |    36 ||   240
    Use: Scroll            |     1 |     4 |     1 ||     6
         Potion            |       |     1 |     2 ||     3
   Stab: Sleeping          |     1 |     2 |     1 ||     4
 Armour: Leather armour    |    47 |    79 |    15 ||   141
  Dodge: Dodged            |    38 |    77 |    19 ||   134

Illustrated notes

Table legend:
 A = Kills in this place as a percentage of kills in the entire game.
 B = Kills by you in this place as a percentage of kills by you in the entire game.
 C = Kills by friends in this place as a percentage of kills by friends in the entire game.
 D = Other kills in this place as a percentage of other kills in the entire game.
 E = Experience gained in this place as a percentage of experience gained in the entire game.
 F = Experience gained in this place divided by the number of levels of this place that you have seen.
                   A       B       C       D       E      F
               +-------+-------+-------+-------+-------+----------------------
         Total | 100.0 | 100.0 |   N/A |   N/A | 100.0 | 226.4
       Dungeon | 100.0 | 100.0 |   N/A |   N/A | 100.0 | 226.4
               +-------+-------+-------+-------+-------+----------------------

Table legend: (Time is in decaauts)
 A = Elapsed time spent in this place.
 B = Non-inter-level travel time spent in this place.
 C = Inter-level travel time spent in this place.
 D = Time resting spent in this place.
 E = Time spent auto-exploring this place.
 F = Levels seen in this place.
 G = Mean time per level.
                   A        B        C        D        E       F      G
               +--------+--------+--------+--------+--------+-----+--------+
         Total |   4304 |   4177 |    127 |    202 |   3308 |   5 |  860.8 |
       Dungeon |   4304 |   4177 |    127 |    202 |   3308 |   5 |  860.8 |
               +--------+--------+--------+--------+--------+-----+--------+

Top non-repeatable levels by time:
     D:4: 1358 daAuts
     D:2: 871 daAuts
     D:3: 836 daAuts
     D:1: 748 daAuts
     D:5: 490 daAuts
